 Dungeon Crawl Stone Soup version 0.26-a0-1147-g3780a7a11b (webtiles) character file.

Game seed: 2464441806143938190

104636 uibert the Destroyer (level 15, -3/82 HPs)
             Began as a Deep Elf Conjurer on Dec 22, 2020.
             Was a High Priest of Vehumet.
             Slain by an anaconda (10 damage)
             ... on level 1 of the Snake Pit on Dec 23, 2020.
             The game lasted 02:57:29 (32376 turns).

uibert the Destroyer (Deep Elf Conjurer)           Turns: 32376, Time: 02:57:30

Health: -3/82      AC: 12    Str: 15    XL:     15   Next: 92%
Magic:  33/35      EV: 19    Int: 27    God:    Vehumet [*****.]
Gold:   1085       SH:  0    Dex: 17    Spells: 16/43 levels left

rFire    . . .     SeeInvis .   b - +8 lajatang of the Hills {vamp, rF- rN+ Int+2 Dex+4}
rCold    . . .     Faith    .   (shield currently unavailable)
rNeg     + . .     Spirit   .   g - +0 troll leather armour
rPois    .         Reflect  .   j - +2 hat
rElec    +         Harm     .   (no cloak)
rCorr    .         Rampage  .   D - +3 pair of gloves of Forking Paths {rElec Str+6}
Will     +....     Clarity  +   q - +0 pair of boots
Stlth    +++++.....             A - amulet of magic regeneration
HPRegen  0.63/turn              z - ring of flight
MPRegen  0.49/turn              y - ring of wizardry

@: lethally poisoned (-3 -> -10)
A: clarity, fire resistance 1
a: Renounce Religion, Evoke Flight


You were on level 1 of the Snake Pit.
You worshipped Vehumet.
Vehumet was extremely pleased with you.
You visited 5 branches of the dungeon, and saw 24 of its levels.
You also visited: Sewer and Bailey.

You collected 1685 gold pieces.
You spent 600 gold pieces at shops.

Inventory:

Hand Weapons
 b - the +8 lajatang of the Hills (weapon) {vamp, rF- rN+ Int+2 Dex+4}
   (You acquired it on level 1 of the Lair of Beasts)

   It inflicts no extra harm, but heals its wielder when it wounds a living foe.
   It affects your intelligence (+2).
   It affects your dexterity (+4).
   It makes you vulnerable to fire.
   It protects you from negative energy.
Missiles
 e - 804 stones
 m - 107 poisoned darts (quivered)
 F - 309 arrows
Armour
 g - a +0 troll leather armour (worn)
 j - a +2 hat (worn)
 q - a +0 pair of boots (worn)
 D - the +3 pair of gloves of Forking Paths (worn) {rElec Str+6}
   (You acquired it on level 6 of the Lair of Beasts)

   It affects your strength (+6).
   It insulates you from electricity.
 Y - the +4 ring mail "Nompory" {+Inv Dex-2 SInv}
   (You found it on level 12 of the Dungeon)

   It affects your dexterity (-2).
   It lets you see invisible.
   It lets you turn invisible.
Magical Staves
 a - an uncursed staff of conjuration
Jewellery
 h - the amulet of the Four Winds {rN+ Will+++ Clar}
   (You found it on level 1 of the Lair of Beasts)

   [amulet of nothing]

   It protects you from negative energy.
   It affects your willpower, your defense against some magical effects.
   It protects you against confusion.
 y - a ring of wizardry (right hand)
 z - a ring of flight (left hand)
 A - an amulet of magic regeneration (around neck)
 I - a +6 ring of intelligence
 L - an uncursed ring of poison resistance
Wands
 l - a wand of polymorph (12)
 t - a wand of iceblast (21)
 B - a wand of enslavement (13)
 G - a wand of flame (29)
 R - a wand of acid (26)
 V - a wand of disintegration (14)
 X - a wand of digging (2)
Scrolls
 f - a scroll of summoning
 o - 4 scrolls of fear
 p - 4 scrolls of immolation
 r - 3 scrolls of blinking
 s - 5 scrolls of fog
 u - 3 scrolls of amnesia
 C - 9 scrolls of remove curse
 H - 10 scrolls of teleportation
 J - 3 scrolls of enchant weapon
 N - 2 scrolls of noise
 O - 2 scrolls of magic mapping
 Q - 5 scrolls of identify
 S - a scroll of random uselessness {unknown}
Potions
 c - 12 potions of curing
 d - 2 potions of ambrosia
 i - 6 potions of flight
 k - 4 potions of invisibility {unknown}
 n - 5 potions of attraction {unknown}
 v - 3 potions of brilliance
 w - 4 potions of haste {unknown}
 x - 8 potions of heal wounds
 E - 2 potions of cancellation
 K - 2 potions of might
 M - 3 potions of berserk rage {unknown}
 P - 3 potions of degeneration
 U - a potion of magic
 W - a potion of mutation
 Z - 6 potions of lignification
Miscellaneous
 T - a lightning rod (4/4)


   Skills:
 * Level 5.5 Fighting
 + Level 6.5 Staves
 - Level 5.0 Armour
 + Level 10.7 Dodging
 + Level 10.7 Stealth
 * Level 14.7 Spellcasting
 * Level 14.8 Conjurations
 * Level 12.4 Hexes
 - Level 7.5 Translocations
 * Level 8.5 Fire Magic
 - Level 1.4 Air Magic
 - Level 0.2 Earth Magic
 + Level 9.5 Evocations


You had 16 spell levels left.
You knew the following spells:

 Your Spells              Type           Power        Failure   Level
a - Magic Dart            Conj           100%         0%          1
b - Searing Ray           Conj           100%         0%          2
c - Iskenderun's Mystic   Conj/Tloc      69%          1%          4
d - Fulminant Prism       Conj/Hex       38%          1%          4
e - Airstrike             Air            13%          2%          4
f - Bolt of Magma         Conj/Fire/Erth 29%          1%          5
g - Fireball              Conj/Fire      35%          1%          5
h - Ensorcelled Hibernat  Hex/Ice        100%         1%          2

Your spell library contained the following spells:

 Spells                   Type           Power        Failure   Level
 Conjure Ball Lightning   Conj/Air       29%          2%          6
 Corona                   Hex            80%          0%          1
 Beastly Appendage        Tmut           38%          1%          1
 Blink                    Tloc           N/A          1%          2
 Call Imp                 Summ           19%          1%          2
 Slow                     Hex            72%          1%          2
 Wereblood                Tmut           19%          1%          2
 Confusing Touch          Hex            72%          1%          3
 Conjure Flame            Conj/Fire      70%          1%          3
 Dazzling Flash           Conj/Hex       100%         1%          3
 Gell's Gravitas          Tloc           28%          1%          3
 Mephitic Cloud           Conj/Pois/Air  49%          1%          3
 Tukima's Dance           Hex            72%          1%          3
 Yara's Violent Unravell  Hex/Tmut       26%          1%          5
 Metabolic Englaciation   Hex/Ice        26%          2%          5
 Spider Form              Tmut/Pois      9%           4%          3
 Ice Form                 Ice/Tmut       19%          12%         4
 Petrify                  Tmut/Erth      20%          12%         4
 Blade Hands              Tmut           9%           32%         5


Dungeon Overview and Level Annotations

Branches:
Dungeon (14/15)            Temple (1/1) D:7            Lair (6/6) D:9
 Shoals (2/4) Lair:3        Snake (1/4) Lair:3        Slime (0/5) Lair:6
    Orc (0/2) D:12         Vaults (0/5) D:14          Sewer (visited)
 Bailey (visited)

Altars:
Ashenzari
Cheibriados
Dithmenos
Elyvilon
Fedhas
Hepliaklqana
Kikubaaqudgha
Makhleb
Nemelex Xobeh
Okawaru
Qazlal
Ru
Sif Muna
Trog
Uskayaw
Vehumet
Wu Jian
Xom
Yredelemnul
The Shining One
Jiyva

Shops:
D:4 *   D:6 (   Shoals:1 *

Annotations:
D:7 1 runed translucent door


Innate Abilities, Weirdness & Mutations

You possess an exceptional clarity of mind.
Your flesh is heat resistant. (rF+)


Message History

You assume a fearsome visage.
The black mamba looks frightened!
The shock serpent looks frightened! x2
The anaconda resists with almost no effort.
The naga ritualist resists with some effort.
The black mamba looks frightened!
The shock serpent looks frightened!
The anaconda looks frightened!
The naga easily resists.
The naga warrior looks frightened!
The black mamba looks frightened!
The naga mage looks frightened!
The naga looks frightened! x2
The anaconda looks frightened!
The black mamba looks frightened!
The naga mage looks frightened!
The black mamba looks frightened!
The mana viper looks frightened!
The naga mage looks frightened!
The naga looks frightened! x4; The anaconda looks frightened!
You feel sick. The anaconda completely misses you.
* * * LOW HITPOINT WARNING * * *
The anaconda constricts you.
Unknown command.
You escape the anaconda's grasp.
* * * LOW HITPOINT WARNING * * *
You feel sick. The anaconda completely misses you. The anaconda bites you!
You die...

.. #........).
... #..........
...##?........S
...S...........
...........S...
..S....8.S.....
....8..S..8....
...N...@.....S.
#..SN......N..#
#..8...8...8..#
...NNNS.S......
..N....>.N.....
..(N8.....8SS..
.N.....8..S....
.N.N...........


You could see a naga warrior (fleeing), 4 anacondas, a naga ritualist, 3 shock
serpents, a mana viper (fleeing), 5 black mambas, 3 naga magi and 7 nagas.

Vanquished Creatures
  An ironheart preserver (D:14)
  5 dire elephants (Lair:6)
  A merfolk javelineer (Shoals:1)
  Fannar (Lair:1)
  A merfolk aquamancer (Shoals:1)
  8 hydras
  2 boulder beetles
  An anaconda (Lair:6)
  An alligator snapping turtle (Shoals:1)
  A catoblepas (Lair:6)
  3 two-headed ogres
  A merfolk avatar (Shoals:2)
  4 centaur warriors
  A death knight (D:12)
  5 death yaks (Lair:3)
  A queen ant (Lair:2)
  Urug (D:13)
  Sonja (Lair:3)
  5 skeletal warriors
  2 unseen horrors (D:14)
  4 sea snakes (Shoals:1)
  4 harpies (Shoals:1)
  An orc knight (Bailey)
  5 ugly things
  8 manticores (Shoals:1)
  2 fauns
  3 cyclopes
  26 elephants
  Psyche (D:11)
  6 black mambas
  15 cane toads
  A gargoyle (D:10)
  5 centaur skeletons
  A kobold demonologist (D:11)
  4 rime drakes
  10 komodo dragons
  An efreet (D:14)
  3 meliai (D:13)
  5 merfolk
  4 trolls
  4 polar bears
  A wind drake (Shoals:1)
  Grinder (D:3)
  A hornet (D:12)
  16 dream sheep
  11 blink frogs
  3 wyverns
  6 water elementals
  49 yaks
  A wraith (D:10)
  6 basilisks
  7 vampire mosquitoes
  2 nagas (Lair:3)
  5 soldier ants
  Duvessa (D:6)
  19 water moccasins
  Purgy (Sewer)
  13 orc warriors
  5 ice beasts
  6 sky beasts
  A hornet zombie (D:9)
  A necrophage (D:14)
  3 phantoms
  11 ogres
  4 black bears
  51 wolves
  19 centaurs
  8 big kobolds
  14 bullfrogs
  A gnoll sergeant (D:8)
  A wyvern zombie (D:8)
  2 wyvern skeletons
  2 scorpions
  Dowan (D:6)
  7 killer bees
  19 wights
  7 howler monkeys
  2 quasits
  9 orc priests
  7 hounds
  3 jellies
  3 bullfrog skeletons
  Jessica (D:2)
  3 iguanas
  11 orc wizards
  20 worker ants
  A hound zombie (D:6)
  3 hound skeletons
  A howler monkey skeleton (D:10)
  12 adders
  15 gnolls
  3 shadow imps
  2 white imps
  2 ufetubi
  An ooze (D:2)
  An adder zombie (D:8)
  A worm (D:2)
  An adder skeleton (D:7)
  8 leopard geckos
  65 orcs
  11 bats
  13 giant cockroaches
  13 goblins
  4 hobgoblins
  11 jackals
  2 quokkas
  3 ball pythons
  5 frilled lizards
  A giant cockroach zombie (D:3)
  A jackal skeleton (D:9)
  38 kobolds
  A quokka skeleton (D:4)
  11 rats
  2 butterflies (Lair:4)
756 creatures vanquished.

Vanquished Creatures (others)
  3 dream sheep (Lair:1)
  6 fulminant prisms
  44 fungi
  94 plants
147 creatures vanquished.

Grand Total: 903 creatures vanquished

Notes
Turn   | Place    | Note
-------+----------+-------------------------------------------
     0 | D:1      | uibert the Deep Elf Conjurer began the quest for the Orb.
     0 | D:1      | Reached XP level 1. HP: 10/10 MP: 6/6
   276 | D:1      | Reached XP level 2. HP: 15/15 MP: 6/8
   300 | D:1      | Learned a level 2 spell: Searing Ray
   332 | D:1      | Reached skill level 5 in Conjurations
  1035 | D:2      | Reached XP level 3. HP: 19/19 MP: 1/9
  1352 | D:2      | Noticed Jessica
  1357 | D:2      | Killed Jessica
  1440 | D:2      | Reached XP level 4. HP: 24/24 MP: 6/10
  2270 | D:3      | Reached XP level 5. HP: 28/28 MP: 3/11
  2366 | D:3      | Learned a level 4 spell: Iskenderun's Mystic Blast
  2516 | D:3      | Noticed Grinder
  2523 | D:3      | Killed Grinder
  2524 | D:3      | Reached XP level 6. HP: 18/32 MP: 3/12
  3222 | D:4      | Found a glowing drain.
  3241 | Sewer    | Entered a sewer
  3426 | Sewer    | Noticed Purgy
  3438 | Sewer    | Killed Purgy
  3439 | Sewer    | Reached skill level 1 in Staves
  3439 | Sewer    | Reached XP level 7. HP: 36/36 MP: 4/14
  4132 | D:4      | Found Ryrecar's Assorted Antiques.
  4196 | D:4      | Bought a dark potion for 24 gold pieces
  4324 | D:5      | Entered Level 5 of the Dungeon
  4556 | D:5      | Reached skill level 1 in Armour
  4556 | D:5      | Reached skill level 1 in Evocations
  4556 | D:5      | Reached XP level 8. HP: 30/41 MP: 6/17
  4686 | D:5      | Reached skill level 5 in Spellcasting
  4730 | D:5      | Noticed a two-headed ogre
  4770 | D:5      | Killed a two-headed ogre
  4802 | D:5      | Reached skill level 10 in Conjurations
  5207 | D:5      | Reached XP level 9. HP: 35/45 MP: 10/20
  5346 | D:5      | Reached skill level 5 in Stealth
  5873 | D:6      | Found a bloodstained altar of Trog.
  5891 | D:6      | Found a snail-covered altar of Cheibriados.
  6194 | D:6      | Reached skill level 5 in Dodging
  6249 | D:6      | Found a glowing golden altar of the Shining One.
  6252 | D:6      | Found a blossoming altar of Fedhas.
  6366 | D:6      | Found Doorucur's Antique Weapon Shoppe.
  6401 | D:6      | Noticed Duvessa
  6401 | D:6      | Noticed Dowan
  6403 | D:6      | Killed Dowan
  6404 | D:6      | Reached skill level 1 in Translocations
  6412 | D:6      | Killed Duvessa
  6735 | D:7      | Noticed a sixfirhy
  6736 | D:7      | Found a runed translucent door.
  6750 | D:7      | Found a stormy altar of Qazlal.
  6895 | D:7      | Found a staircase to the Ecumenical Temple.
  6900 | Temple   | Entered the Ecumenical Temple
  6957 | Temple   | Became a worshipper of Vehumet
  7687 | D:8      | Found a flagged portal.
  7694 | Bailey   | Entered a bailey
  7751 | Bailey   | Reached * piety under Vehumet
  7751 | Bailey   | Offered knowledge of Sandblast by Vehumet.
  8059 | Bailey   | Noticed an orc knight
  8110 | Bailey   | Learned a level 4 spell: Fulminant Prism
  8135 | Bailey   | Killed an orc knight
  8136 | Bailey   | Reached XP level 10. HP: 49/50 MP: 5/24
  8163 | Bailey   | Noticed an orc knight
  8209 | Bailey   | Noticed an orc knight
  8634 | D:8      | Offered knowledge of Foxfire by Vehumet.
  8801 | D:8      | Reached ** piety under Vehumet
  9281 | D:9      | Noticed a brown ugly thing
  9313 | D:9      | Reached skill level 1 in Hexes
  9679 | D:9      | Found a staircase to the Lair.
  9826 | D:9      | Reached skill level 10 in Spellcasting
  9826 | D:9      | Reached skill level 5 in Hexes
  9826 | D:9      | Reached XP level 11. HP: 54/54 MP: 25/27
  9831 | D:9      | Gained mutation: You possess an exceptional clarity of
                  | mind. [potion of mutation]
  9831 | D:9      | Gained mutation: Your flesh is heat resistant. (rF+)
                  | [potion of mutation]
  9838 | D:9      | Offered knowledge of Inner Flame by Vehumet.
  9886 | D:9      | Found a sparkling altar of Nemelex Xobeh.
  9888 | D:9      | Found a hazy altar of Hepliaklqana.
 10207 | D:9      | Reached *** piety under Vehumet
 10239 | D:9      | Killed a brown ugly thing
 10730 | D:10     | Entered Level 10 of the Dungeon
 10934 | D:10     | Identified a scroll of acquirement
 10935 | D:10     | Acquired a +1 pair of boots of running
 11205 | D:10     | Offered knowledge of Airstrike by Vehumet.
 11331 | D:10     | Learned a level 4 spell: Airstrike
 12216 | D:11     | Reached skill level 5 in Armour
 12225 | D:11     | Reached XP level 12. HP: 59/59 MP: 17/28
 12274 | D:11     | Noticed Psyche
 12282 | D:11     | Killed Psyche
 12283 | D:11     | Reached skill level 1 in Air Magic
 12309 | D:11     | Reached **** piety under Vehumet
 12313 | D:11     | Reached skill level 5 in Staves
 12378 | D:11     | Noticed a boulder beetle
 12402 | D:11     | Noticed a two-headed ogre
 12423 | D:11     | Killed a two-headed ogre
 12423 | D:11     | Offered knowledge of Bolt of Magma by Vehumet.
 12430 | D:11     | Learned a level 5 spell: Bolt of Magma
 12695 | D:11     | Acquired an uncursed staff of conjuration
 13191 | D:12     | Reached skill level 1 in Fire Magic
 13595 | D:11     | Killed a boulder beetle
 13595 | D:11     | Reached ***** piety under Vehumet
 13830 | D:12     | Noticed a death knight
 13924 | D:12     | Offered knowledge of Starburst by Vehumet.
 14356 | D:12     | Killed a death knight
 14532 | D:12     | Found a staircase to the Orcish Mines.
 14613 | D:12     | Got a spiked ring mail
 14618 | D:12     | Identified the +4 ring mail "Nompory" {+Inv Dex-2 SInv}
                  | (You found it on level 12 of the Dungeon)
 15021 | D:13     | Reached skill level 5 in Translocations
 15370 | D:13     | Reached XP level 13. HP: 52/63 MP: 3/30
 15612 | D:13     | Noticed Urug
 15872 | D:13     | Killed Urug
 16419 | D:13     | Offered knowledge of Freezing Cloud by Vehumet.
 17215 | D:14     | Noticed an ironheart preserver
 17287 | D:14     | Killed an ironheart preserver
 17476 | D:14     | Found a gate to the Vaults.
 18171 | Lair:1   | Entered Level 1 of the Lair of Beasts
 18405 | Lair:1   | Found the +8 Wrath of Trog {antimagic, *Rage}
 18454 | Lair:1   | Reached skill level 1 in Fighting
 18576 | Lair:1   | Found the amulet of the Four Winds {rN+ Will+++ Clar}
 18627 | Lair:1   | Noticed Fannar
 18632 | Lair:1   | Killed Fannar
 18856 | Lair:1   | Got a steaming spear
 18857 | Lair:1   | Identified the +8 spear of Cobwebs {vorpal, Will+ Str+2
                  | Int-4} (You found it on level 1 of the Lair of Beasts)
 19150 | Lair:1   | Found a shimmering altar of Xom.
 19152 | Lair:1   | Reached skill level 5 in Fire Magic
 20010 | Lair:2   | Reached XP level 14. HP: 71/71 MP: 27/33
 20386 | Lair:2   | Reached skill level 10 in Hexes
 20439 | Lair:2   | Offered knowledge of Fireball by Vehumet.
 20446 | Lair:2   | Learned a level 5 spell: Fireball
 20566 | Lair:3   | Found a staircase to the Snake Pit.
 20780 | Lair:3   | Noticed Sonja
 21049 | Lair:3   | Killed Sonja
 21921 | Lair:3   | Found a staircase to the Shoals.
 23537 | Lair:4   | Offered knowledge of Iron Shot by Vehumet.
 23541 | Lair:4   | Reached skill level 10 in Dodging
 24994 | Lair:5   | Learned a level 2 spell: Ensorcelled Hibernation
 25251 | Lair:5   | Reached skill level 10 in Stealth
 25991 | Lair:6   | Entered Level 6 of the Lair of Beasts
 26069 | Lair:6   | Reached XP level 15. HP: 80/80 MP: 4/35
 27717 | Lair:6   | Acquired the +3 pair of gloves of Forking Paths {rElec
                  | Str+6}
 28062 | Lair:6   | Found a staircase to the Slime Pits.
 28063 | Lair:6   | Found a viscous altar of Jiyva.
 29631 | Lair:6   | Offered knowledge of Conjure Ball Lightning by Vehumet.
 29632 | Lair:6   | Reached skill level 5 in Fighting
 30166 | Lair:1   | Acquired the +8 lajatang of the Hills {vamp, rF- rN+ Int+2
                  | Dex+4}
 30447 | Shoals:1 | Entered Level 1 of the Shoals
 31721 | Shoals:1 | Found Maoj's Merry Market.
 31806 | Shoals:1 | Bought a potion of magic for 128 gold pieces
 31806 | Shoals:1 | Bought a book of Minor Magic for 320 gold pieces
 31806 | Shoals:1 | Bought a potion of mutation for 128 gold pieces
 32369 | Snake:1  | Entered Level 1 of the Snake Pit
 32376 | Snake:1  | Slain by an anaconda

Illustrated notes

Levels and vault maps discovered:
D:1:      kilobyte_arrival_exit_the_forest, layout_loops_cross,
          chequers_serial_rivers_micro_b
D:2:      layout_loops_ring, uniq_jessica
D:3:      minmay_angry_zag, layout_basic, chequers_hall_statues_wall_a,
          minmay_stone_trees_small, minmay_misc_feat_hallway, minmay_checkerbox,
          uniq_grinder
D:4:      layout_loops_ring, portal_sewer_entry_f, serial_shops, shop
D:5:      layout_gridville
D:6:      layout_loops_ring, cheibriados_altar_1,
          chequers_temple_overflow_statue_of_worship, kennysheep_mini_moat,
          serial_shops, nicolae_shop_crystal, uniq_duvessa
D:7:      cheibrodos_shockbox, layout_gridville, temple_doors_e,
          grunt_qazlal_sundering
D:8:      layout_basic, serial_corexii_hall, chequers_hall_statues_wall_a,
          corexii_hall_statues_deadend, corexii_hall_statues_deadend,
          chequers_hall_statues_wall_a, enter_bailey_3
D:9:      layout_basic, nicolae_overflow_hidden_temple, david_lair_shrubbed,
          minmay_chambers_of_fives
D:10:     layout_long_grid
D:11:     layout_roguey, uniq_psyche
D:12:     layout_small_grid, david_orc_1_choice
D:13:     layout_cave_pods, gauntlet_entry_generic, uniq_urug
D:14:     layout_small_grid, skrybe_vaults_entry_preservation, minmay_holes
Temple:   eino_temple_rhombus
Lair:1:   layout_cave_pods, kb_xom_exploding_sheep, uniq_fannar
Lair:2:   layout_regular_city, minmay_another_anthill, serial_bayou_shore_b
Lair:3:   layout_roguey, shoals_dummy_entry, guppyfry_snake_entry_island,
          zaba_anthole, fungi_pond_lemuel, infiniplex_staircase_pool_2,
          uniq_sonja
Lair:4:   layout_cave_pods, serial_rivers, chequers_serial_rivers_room_b,
          chequers_serial_rivers_micro_c, chequers_serial_rivers_micro_b,
          chequers_serial_rivers_micro_a, chequers_serial_rivers_marsh,
          chequers_serial_rivers_micro_d, grunt_forest_large_clearings,
          lemuel_fruit_fields
Lair:5:   layout_loops_ring
Lair:6:   due_jungle_book, layout_big_grid, slime_altar_1, serial_bayou_pond_d,
          grunt_forest_stairs_basic, chequers_serial_rivers_micro_d, st_stairs_3
Shoals:1: layout_shoals, nicolae_alphabet_shops, nicolae_shoals_cliffside_cave
Shoals:2: layout_shoals, nicolae_shoals_mertower
Snake:1:  kennysheep_six_static_rooms, layout_grid_maze, serial_shops, shop,
          shop, nicolae_shop_temple_entry_statues_fountains, shop,
          evilmike_ambush [evilmike_ambush_outer_basic,
          evilmike_ambush_inner_basic], minmay_shoptagon, serial_bayou_shore_a

Skill      XL: |  1  2  3  4  5  6  7  8  9 10 11 12 13 14 15 |
---------------+----------------------------------------------+-----
Conjurations   | 5 6 7 8 9 10 11 12 13 14 | 14.8
Staves         | 1 2 3 4 5 6 |  6.5
Dodging        | 3 4 5 7 8 9 10 | 10.7
Stealth        | 3 4 6 7 8 9 10 | 10.7
Spellcasting   | 4 6 8 10 11 13 14 | 14.7
Armour         | 1 2 3 4 5 |  5.0
Evocations     | 1 2 4 6 7 8 9 |  9.5
Translocations | 2 3 5 6 7 |  7.5
Hexes          | 5 8 9 11 12 | 12.4
Air Magic      | 1 |  1.4
Fire Magic     | 2 5 7 8 |  8.5
Fighting       | 1 4 5 |  5.5
Earth Magic    | |  0.2

Action                   |  1- 3 |  4- 6 |  7- 9 | 10-12 | 13-15 || total
-------------------------+-------+-------+-------+-------+-------++-------
Melee: Dagger            |       |     8 |       |       |       ||     8
       Quarterstaff      |       |     5 |     4 |       |       ||     9
       Staff             |       |       |    14 |    31 |    26 ||    71
       Lajatang          |       |       |       |       |     6 ||     6
Throw: Dart              |     2 |       |     2 |       |     1 ||     5
 Cast: Magic Dart        |    51 |    53 |   120 |    76 |    11 ||   311
       Searing Ray       |     4 |    15 |    67 |    70 |    39 ||   195
       Iskenderun's Myst |       |       |     1 |    41 |    32 ||    74
       Fulminant Prism   |       |       |     4 |       |     2 ||     6
       Airstrike         |       |       |       |    52 |   243 ||   295
       Bolt of Magma     |       |       |       |    89 |   350 ||   439
       Fireball          |       |       |       |       |    42 ||    42
 Abil: Evoke Flight      |       |       |       |       |     7 ||     7
Evoke: Wand              |       |       |       |       |     2 ||     2
  Use: Scroll            |     5 |     1 |     1 |    17 |    14 ||    38
       Potion            |       |       |       |     2 |       ||     2
Armor: Robe              |       |     4 |     6 |       |       ||    10
       Steam dragon scal |       |       |       |     8 |       ||     8
       Troll leather arm |       |       |       |    11 |    29 ||    40
Dodge: Dodged            |     2 |    22 |    58 |    72 |   107 ||   261

Table legend: (Time is in decaauts)
 A = Elapsed time spent in this place.
 B = Non-inter-level travel time spent in this place.
 C = Inter-level travel time spent in this place.
 D = Time resting spent in this place.
 E = Time spent auto-exploring this place.
 F = Levels seen in this place.
 G = Mean time per level.
                   A        B        C        D        E       F      G
               +--------+--------+--------+--------+--------+-----+--------+
         Total |  32605 |  27412 |   5193 |   9700 |   8581 |  26 | 1254.0 |
       Dungeon |  17258 |  15868 |   1390 |   4296 |   6402 |  14 | 1232.7 |
        Temple |     68 |      2 |     66 |      0 |      0 |   1 |   68.0 |
          Lair |  12365 |   8859 |   3506 |   4403 |   1983 |   6 | 2060.8 |
        Shoals |   2015 |   1785 |    230 |    587 |    196 |   2 | 1007.5 |
     Snake Pit |      6 |      6 |      0 |      0 |      0 |   1 |    6.0 |
         Sewer |    355 |    355 |      0 |    172 |      0 |   1 |  355.0 |
        Bailey |    535 |    535 |      0 |    242 |      0 |   1 |  535.0 |
               +--------+--------+--------+--------+--------+-----+--------+

Top non-repeatable levels by time:
  Lair:6: 3776 daAuts
  Lair:5: 1957 daAuts
  Lair:4: 1761 daAuts
    D:13: 1758 daAuts
  Lair:3: 1729 daAuts
  Lair:1: 1688 daAuts
Shoals:1: 1667 daAuts
     D:9: 1596 daAuts
    D:11: 1542 daAuts
    D:14: 1461 daAuts
  Lair:2: 1451 daAuts
    D:10: 1451 daAuts
     D:8: 1300 daAuts
     D:5: 1293 daAuts
     D:3: 1128 daAuts
